 Dungeon Crawl Stone Soup version 0.24.1-11-gbbbb2193e6 (webtiles) character file.

Game seed: 4781279321741274520, levelgen mode: deterministic

57 Hugehornet the Chopper (level 4, -1/52 HPs)
             Began as a Formicid Fighter on May 10, 2020.
             Slain by a hound (3 damage)
             ... on level 8 of the Dungeon.
             The game lasted 00:03:18 (1564 turns).

Hugehornet the Chopper (Formicid Fighter)           Turns: 1564, Time: 00:03:19

Health: -1/52      AC: 22    Str: 22    XL:     4   Next: 18%
Magic:  4/4        EV:  2    Int: 12    God:
Gold:   103        SH: 10    Dex: 15    Spells: 3/3 levels left

rFire    . . .     SeeInvis .   a - +0 war axe
rCold    . . .     Gourm    .   c - +0 shield
rNeg     + + +     Faith    .   (armour currently unavailable)
rPois    +         Spirit   .   (helmet unavailable)
rElec    .         Reflect  .   (cloak currently unavailable)
rCorr    .         Harm     .   (gloves currently unavailable)
MR       .....                  (boots currently unavailable)
Stlth    ++........             (no amulet)
HPRegen  0.17/turn              (no ring)
MPRegen  0.09/turn              (no ring)

@: brilliant, agile, tree-form
A: permanent stasis, dig shafts and tunnels, four strong arms
a: no special abilities


You were on level 8 of the Dungeon.
You were hungry.
You were a tree.
You visited 1 branch of the dungeon, and saw 6 of its levels.

You collected 103 gold pieces.

Inventory:

Hand Weapons
 a - a +0 war axe (weapon)
Armour
 b - a +0 scale mail (melded)
 c - a +0 shield (worn)
Scrolls
 e - a scroll of enchant weapon {unknown}
 g - 2 scrolls of remove curse {unknown}
 h - 2 scrolls of identify {unknown}
 j - a scroll of noise {unknown}
 k - a scroll of magic mapping {unknown}
 m - 2 scrolls of teleportation {unknown}
 o - a scroll of enchant armour {unknown}
 q - a scroll of blinking {unknown}
Potions
 d - a potion of might
Comestibles
 f - 4 rations


   Skills:
 - Level 3.2 Fighting
 + Level 4.1 Axes
 - Level 3.2 Armour
 - Level 3.6 Shields


You had 3 spell levels left.
You didn't know any spells.
Your spell library was empty.

Dungeon Overview and Level Annotations

Branches:
Dungeon (9/15)
 Temple: D:4-7         Lair: D:8-11         Orc: D:9-12

Altars:
Uskayaw


Innate Abilities, Weirdness & Mutations

You cannot be hasted, slowed, berserked, paralysed or teleported.
You can dig through walls and to a lower floor.
Your four strong arms can wield two-handed weapons with a shield.
((You have a pair of large antennae on your head. (SInv)))


Message History

The centaur is moderately wounded.
You closely miss the hound. You closely miss the kobold. x2
You barely miss the big kobold. You barely miss the jackal.
You closely miss the jackal.
The centaur hits you but does no damage.
You block the jackal's attack. The jackal barely misses you.
The hound bites you but does no damage.
The centaur hits you but does no damage.
You block the jackal's attack. The kobold hits you but does no damage.
The jackal bites you but does no damage.
You block the kobold's attack. You block the big kobold's attack.
The hound bites you but does no damage.
The centaur hits you but does no damage.
You closely miss the centaur.
The centaur is moderately wounded.
You miss the hound. You hit the kobold but do no damage. x2
You miss the big kobold. You miss the jackal. You barely miss the jackal.
The jackal bites you but does no damage.
You block the jackal's attack. The hound bites you.
You die...

.........
{
...$.#..#
##........
#.W.....#
#..h....#.
.........
##h......#
#chh....#
#h♣KK...#
#.KK....#
##.....##
##...##
####


You could see a phantom, a big kobold, a centaur, a hound, 4 jackals and 3
kobolds.

Vanquished Creatures
  An adder (D:2)
  2 oozes (D:2)
  A worm (D:2)
  A giant cockroach (D:1)
  3 goblins (D:2)
  10 hobgoblins (D:2)
  6 bats
  A frilled lizard (D:1)
  5 kobolds
  3 rats
33 creatures vanquished.

Notes
Turn   | Place    | Note
-------+----------+-------------------------------------------
     0 | D:1      | Hugehornet the Formicid Fighter began the quest for the
                  | Orb.
     0 | D:1      | Reached XP level 1. HP: 18/18 MP: 1/1
   344 | D:1      | Reached XP level 2. HP: 22/24 MP: 2/2
   706 | D:2      | Found a faded altar of an unknown god.
   716 | D:2      | Reached skill level 3 in Axes
   716 | D:2      | Reached XP level 3. HP: 15/29 MP: 3/3
  1415 | D:2      | Reached skill level 4 in Axes
  1415 | D:2      | Reached XP level 4. HP: 34/35 MP: 4/4
  1512 | D:2      | Found a hide-covered altar of Uskayaw.
  1514 | D:2      | Noticed a +0 dagger
  1514 | D:2      | Noticed a +0 hand axe
  1540 | D:2      | You fall into a shaft and drop 2 floors!
  1543 | D:4      | You fall into a shaft and drop 3 floors!
  1543 | D:7      | Noticed a hippogriff
  1546 | D:7      | You fall into a shaft and drop 2 floors!
  1546 | D:9      | Noticed a bullfrog
  1550 | D:8      | Noticed a big kobold
  1550 | D:8      | Noticed a centaur
  1561 | D:8      | Noticed a phantom
  1562 | D:8      | HP: 2/52 [centaur (5)]
  1564 | D:8      | Slain by a hound

Levels and vault maps discovered:
D:1:      dpeg_arrival_chase, layout_loops_cross, chequers_avenue
D:2:      layout_basic, dancing_weapons_uskayaw,
          chequers_ecumenical_altar_simple, elyvilon_altar_3
D:4:      layout_loops_ring, kennysheep_mini, fedhas_ov_isle_minmay, uniq_ijyb,
          uniq_menkaure
D:7:      corexii_shantytown, layout_layer_cave, minitemple,
          minmay_temple_entry_glassed_door, basic_altar, grunt_ogre_cave
D:8:      layout_rooms
D:9:      layout_rooms

Skill      XL: |  1  2  3 |
---------------+----------+-----
Axes           | 3 4 |  4.1
Fighting       | |  3.2
Armour         | |  3.2
Shields        | |  3.6

Action                   |  1- 3 |  4- 6 || total
-------------------------+-------+-------++-------
Melee: War axe           |    71 |    22 ||    93
 Abil: Shaft Self        |       |     2 ||     2
  Use: Potion            |       |     5 ||     5
  Eat: Chunk             |     2 |       ||     2
Armor: Scale mail        |    30 |    11 ||    41
       Skin              |       |    26 ||    26
Dodge: Dodged            |    20 |    19 ||    39
Block: Shield            |    43 |    38 ||    81
